 Dungeon Sprint DCSS version 0.24.1-14-gf8d2b509d9 (webtiles) character file.

Game seed: 909099064126534877, levelgen mode: deterministic

46 Baz the Shield-Bearer (level 3, -3/33 HPs)
             Began as a Formicid Fighter on Oct 2, 2020.
             Slain by a human (5 damage)
             ... in the Dungeon (Sprint III: "The Ten Rune Challenge").
             The game lasted 00:00:41 (174 turns).

Baz the Shield-Bearer (Formicid Fighter)             Turns: 174, Time: 00:00:42

Health: -3/33      AC:  7    Str: 26    XL:     3   Next: 92%
Magic:  3/3        EV:  8    Int:  7    God:
Gold:   0          SH: 10    Dex: 10    Spells: 2/2 levels left

rFire    . . .     SeeInvis +   a - +0 long sword
rCold    . . .     Gourm    .   c - +0 shield
rNeg     . . .     Faith    .   b - +0 scale mail
rPois    .         Spirit   .   (helmet unavailable)
rElec    .         Reflect  .   (no cloak)
rCorr    .         Harm     .   (no gloves)
MR       .....                  (no boots)
Stlth    ..........             (no amulet)
HPRegen  0.11/turn              (no ring)
MPRegen  0.08/turn              (no ring)

@: mighty
A: permanent stasis, dig shafts and tunnels, four strong arms, antennae 3
a: Dig


You were in the Dungeon.
You were not hungry.

You visited 1 branch

Inventory:

Hand Weapons
 a - a +0 long sword (weapon)
Armour
 b - a +0 scale mail (worn)
 c - a +0 shield (worn)
Scrolls
 k - a scroll of blinking
Potions
 e - a potion of curing
 g - 2 potions of heal wounds
 h - a potion of haste
 i - 2 potions of magic
 j - a potion of berserk rage
 l - a potion of ambrosia {unknown}
Comestibles
 f - a ration


   Skills:
 + Level 5.0 Fighting
 + Level 3.9 Long Blades
 + Level 5.0 Armour
 + Level 5.4 Shields


You had 2 spell levels left.
You didn't know any spells.
Your spell library was empty.

Dungeon Overview and Level Annotations

Branches:
Dungeon (1/1)

Altars:


Innate Abilities, Weirdness & Mutations

You cannot be hasted, slowed, berserked, paralysed or teleported.
You can dig through walls and to a lower floor.
Your four strong arms can wield two-handed weapons with a shield.
You have a pair of large antennae on your head. (SInv)


Message History

You miss the human.
Unknown command.
Unknown command.
You closely miss the human. You block the human's attack.
Unknown command.
You barely miss the human. The human closely misses you. x2
Unknown command.
You slash the human!
The human is heavily wounded.
You block the human's attack.
Unknown command.
You barely miss the human.
The human is heavily wounded.
The human hits you.
* * * LOW HITPOINT WARNING * * *
Unknown command.
You slash the human!
The human is almost dead.
The human hits you.
You die...

▓..##.......# .#
▓##.##.##...# .#
##.##.###..# ..#
▓#.####.##..# ...+
▓.###..##..##
#...# ▓#.....##[.#
#....#
###..##...##.....#
##†.##....#p.....#
#..###..##@#.....#
#(.# #..#####....#
▓▓▓▓ ▓▓▓▓ ▓▓▓▓▓ {
{ { { { { { { {{


You could see a human.

Vanquished Creatures
  Jessica (D)
  A wolf (D)
  An ooze (D)
  2 rats (D)
5 creatures vanquished.

Vanquished Creatures (others)
  A draconian scorcher (D)
  6 hellions (D)
  A yaktaur (D)
  A plant (D)
9 creatures vanquished.

Grand Total: 14 creatures vanquished

Notes
Turn   | Place    | Note
-------+----------+-------------------------------------------
     0 | D        | Baz the Formicid Fighter began the quest for the Orb.
     0 | D        | Reached XP level 1. HP: 18/18 MP: 1/1
    52 | D        | Reached XP level 2. HP: 25/25 MP: 2/2
    56 | D        | Noticed Jessica
    58 | D        | Killed a yaktaur
    62 | D        | Killed Jessica
    62 | D        | Reached skill level 5 in Shields
    62 | D        | Reached XP level 3. HP: 26/31 MP: 3/3
   101 | D        | Killed a hellion
   101 | D        | Killed a hellion
   102 | D        | Killed a hellion
   104 | D        | Killed a hellion
   104 | D        | Killed a hellion
   116 | D        | Killed a hellion
   144 | D        | Killed a white draconian scorcher
   168 | D        | Reached skill level 5 in Fighting
   168 | D        | Reached skill level 5 in Armour
   174 | D        | Slain by a human

Levels and vault maps discovered:
D:        dungeon_sprint_mu [sprint_mu_entry_cave, sprint_mu_temple_rooms,
          sprint_mu_d1_spiders, sprint_mu_d2_genie, sprint_mu_d3_branching,
          sprint_mu_orc_legion, sprint_mu_elf_gauntlet, sprint_mu_hive_nellie,
          sprint_mu_lair_fedhas, sprint_mu_vaults_butterflies,
          sprint_mu_slime_circle, sprint_mu_swamp_cave, sprint_mu_shoals_kraken,
          sprint_mu_blade_basic, sprint_mu_crypt_chambers,
          sprint_mu_tomb_spiral, sprint_mu_vestibule_basic,
          sprint_mu_gehenna_hellfire, sprint_mu_dis_giant,
          sprint_mu_tartarus_statrot, sprint_mu_cocytus_islands, sprint_mu_zot1]

Skill      XL: |  1  2  3 |
---------------+----------+-----
Shields        | 4 5 |  5.4
Fighting       | 4 5 |  5.0
Long Blades    | 3 |  3.9
Armour         | 4 5 |  5.0

Action                   || total
-------------------------++-------
Melee: Long sword        ||    34
  Use: Potion            ||     1
Armor: Scale mail        ||     9
Dodge: Dodged            ||    15
Block: Shield            ||    21
       Rpst.: Long sword ||     3
